Map: Jagannatha LE

Players

Trap - Winner!

  • Race: Protoss Protoss
  • Spawn Location: 1:00

Zest

  • Race: Protoss Protoss
  • Spawn Location: 7:00

Event: IEM Katowice 2021

VOD

Have the link to the VOD?

Description

Time

  • Played on: Feb. 24, 2021, 10:24 a.m.
  • Length: 7:12

All games in this series

Show
View Real Time Build Order
Export as new Build Order

Trap Protoss - Winner!

Build Orders: Phoenix Opening 

Get SALT Encoding   

  12  0:00  Probe  
  13  0:12  Probe  
  14  0:17  Pylon  
  14  0:24  Probe (Chrono Boost)  
  15  0:36  Probe (Chrono Boost)  
  15  0:39  Gateway  
  16  0:44  Probe (Chrono Boost)  
  17  0:50  Probe  
  17  0:51  Assimilator  
  18  0:57  Assimilator  
  18  1:03  Probe (Chrono Boost)  
  19  1:09  Gateway  
  19  1:13  Probe (Chrono Boost)  
  20  1:18  Probe  
  21  1:26  Cybernetics Core  
  21  1:30  Probe  
  22  1:38  Pylon  
  22  1:42  Probe  
  23  1:56  Probe  
  24  2:02  Stalker  
  24  2:03  Stalker  
  24  2:08  Warp Gate  
  28  2:17  Pylon  
  28  2:32  Stalker  
  30  2:37  Stargate  
  30  2:40  Stalker  
  31  2:59  Probe  
  32  3:14  Probe  
  32  3:19  Nexus  
  33  3:22  Phoenix (Chrono Boost)  
  35  3:30  Pylon  
  35  3:32  Probe  
  36  3:41  Phoenix (Chrono Boost)  
  36  3:45  Probe  
  39  3:59  Phoenix (Chrono Boost)  
  39  4:00  Pylon  
  41  4:15  Pylon  
  41  4:17  Phoenix  
  43  4:26  Robotics Facility  
  43  4:27  Probe  
  44  4:37  Adept x2  
  48  4:39  Probe (Chrono Boost)  
  48  4:42  Probe (Chrono Boost)  
  50  4:51  Probe (Chrono Boost)  
  52  4:56  Probe (Chrono Boost)  
  52  4:57  Probe (Chrono Boost)  
  53  5:02  Sentry  
  53  5:03  Probe  
  53  5:05  Probe  
  57  5:10  Sentry  
  57  5:11  Pylon  
  56  5:15  Observer (Chrono Boost)  
  56  5:18  Probe x2  
  59  5:25  Stalker  
  59  5:27  Pylon  
  61  5:29  Pylon  
  59  5:36  Probe x2  
  60  5:46  Immortal (Chrono Boost)  
  60  5:48  Probe  
  63  5:54  Pylon  
  61  6:04  Stalker  
  61  6:05  Stalker  
  65  6:17  Forge  
  67  6:20  Shield Battery  
  67  6:21  Immortal (Chrono Boost)  
  69  6:32  Pylon  
  69  6:36  Stalker  
  69  6:37  Zealot  
  73  6:40  Shield Battery  
Show
View Real Time Build Order
Export as new Build Order

Zest Protoss 

Build Orders: Zealot Archon, Dark Templar Rush 

Get SALT Encoding   

  12  0:00  Probe  
  13  0:12  Probe  
  14  0:17  Pylon  
  14  0:24  Probe (Chrono Boost)  
  15  0:36  Gateway, Probe (Chrono Boost)  
  16  0:44  Probe (Chrono Boost)  
  16  0:46  Assimilator  
  17  0:51  Probe  
  18  1:03  Probe (Chrono Boost)  
  19  1:04  Assimilator  
  19  1:09  Gateway  
  19  1:12  Probe (Chrono Boost)  
  19  1:17  Probe (Chrono Boost)  
  20  1:24  Cybernetics Core  
  21  1:29  Probe  
  22  1:34  Pylon  
  22  1:41  Probe  
  23  1:53  Probe  
  24  1:57  Warp Gate (Chrono Boost)  
  24  2:00  Adept x2  
  28  2:10  Pylon  
  28  2:32  Adept x2  
  32  2:42  Nexus  
  32  2:50  Pylon  
  32  2:58  Robotics Facility  
  32  3:08  Twilight Council  
  32  3:17  Probe  
  33  3:29  Probe  
  33  3:32  Adept x2  
  38  3:44  Dark Shrine  
  38  3:50  Warp Prism (Chrono Boost)  
  40  4:01  Probe x2  
  42  4:22  Probe  
  39  4:31  Shield Battery  
  39  4:33  Pylon  
  39  4:36  Probe  
  39  4:37  Probe  
  39  4:41  Stalker x2  
  41  4:58  Dark Templar  
  43  5:05  Dark Templar  
  41  5:07  Probe x2  
  43  5:21  Probe  
  43  5:22  Probe  
  45  5:34  Probe  
  42  5:39  Stalker x2  
  40  5:56  Gateway  
  40  5:57  Gateway  
  40  5:58  Gateway  
  40  6:02  Dark Templar x2  
  44  6:06  Archon  
  44  6:33  Pylon  
  44  6:35  Stalker x2  
  44  6:38  Nexus  

Tags
 
Add a new tag
Caveats
  • Supply blocks, unpowered buildings, or Contaminate may cause inaccurate times.
  • Supply counts are checked every 10 seconds.